Map: Interloper LE

Players

Yata

  • Race: Zerg Zerg
  • League: Platinum
  • Spawn Location: 11:00

FoeMower - Winner!

  • Race: Protoss Protoss
  • Spawn Location: 5:00

VOD

Have the link to the VOD?

Description

Time

  • Played on: Sept. 17, 2017, 4:58 p.m.
  • Length: 16:01
Show
View Real Time Build Order
Export as new Build Order

Yata Zerg 

Build Orders: Hatch First 

Get SALT Encoding   

  12  0:01  Drone  
  13  0:13  Overlord  
  13  0:24  Drone  
  14  0:31  Drone  
  14  0:32  Drone  
  14  0:35  Drone  
  17  1:07  Drone x2  
  19  1:16  Hatchery  
  18  1:27  Spawning Pool  
  17  1:42  Drone  
  17  1:43  Drone  
  19  1:51  Overlord  
  19  2:11  Drone  
  20  2:26  Queen  
  20  2:28  Zergling x6  
  25  2:33  Roach Warren  
  24  2:42  Extractor  
  23  2:48  Drone x2, Queen  
  27  3:03  Drone  
  27  3:41  Drone  
  28  3:43  Overlord  
  28  3:44  Overlord x2  
  28  3:54  Overlord x2  
  27  4:06  Drone x3  
  27  4:09  Roach  
  34  4:10  Roach  
  34  4:19  Lair  
  34  4:22  Extractor, Drone x3  
  36  4:26  Zergling x2  
  36  4:30  Zergling x6  
  40  4:44  Metabolic Boost  
  37  5:11  Extractor, Drone x4  
  39  5:16  Drone x2  
  39  5:17  Drone  
  39  5:19  Extractor  
  39  5:20  Roach x4  
  39  5:21  Roach  
  51  5:25  Ravager  
  52  5:30  Overlord x2  
  52  5:38  Spore Crawler  
  52  5:40  Spore Crawler  
  50  5:43  Queen  
  50  5:44  Queen  
  54  5:52  Hydralisk Den  
  53  5:58  Drone x4  
  53  5:59  Drone  
  58  6:04  Roach x2  
  58  6:05  Roach x3  
  58  6:07  Ravager  
  58  6:08  Ravager  
  70  6:31  Overlord  
  70  6:32  Overlord x2  
  70  6:37  Drone  
  70  6:39  Drone x3  
  74  6:40  Drone  
  74  6:43  Overlord  
  70  7:08  Hydralisk  
  70  7:09  Hydralisk x2  
  70  7:13  Hydralisk  
  78  7:17  Spore Crawler  
  78  7:19  Spore Crawler  
  76  7:23  Muscular Augments  
  76  7:35  Hydralisk x2  
  80  7:42  Evolution Chamber  
  79  7:46  Queen  
  79  7:47  Glial Reconstitution  
  83  7:53  Overlord  
  83  7:55  Pneumatized Carapace  
  81  8:18  Hatchery  
  79  8:28  Hatchery  
  78  8:35  Zerg Missile Weapons Level 1  
  78  8:37  Drone x2  
  78  8:38  Drone x4  
  84  9:15  Hatchery  
  83  9:42  Queen x2  
  83  9:43  Overlord x2  
  83  9:44  Overlord x2  
  87  9:55  Drone x2  
  89  10:12  Drone x6  
  95  10:25  Hydralisk x3  
  101  10:39  Zerg Ground Armor Level 1  
  101  10:41  Hydralisk x2  
  101  10:42  Hydralisk  
  107  10:48  Roach  
  107  10:49  Roach x3  
  115  10:55  Drone x2  
  115  10:56  Drone x3  
  120  11:07  Queen x2  
  120  11:08  Queen  
  126  11:26  Overlord x5  
  126  11:44  Infestation Pit  
  125  11:48  Hydralisk x10  
  145  12:07  Evolution Chamber  
  144  12:12  Hydralisk  
  144  12:13  Hydralisk x9  
  159  12:27  Hydralisk x2  
  159  12:28  Hydralisk x4  
  160  12:36  Overseer x4  
  160  12:41  Hydralisk  
  160  12:42  Hydralisk  
  164  12:54  Roach x2  
  164  12:57  Overlord x4  
  168  13:21  Hatchery  
  167  13:28  Hive  
  146  13:49  Hydralisk x3  
  152  14:00  Zergling x2  
  152  14:01  Zergling x32  
  152  14:02  Zergling x2  
  170  14:09  Zergling x2  
  133  14:10  Zergling x10, Hatchery  
  135  14:17  Hydralisk x3  
  139  14:28  Hydralisk  
  139  14:29  Hydralisk  
  116  14:46  Hydralisk x2  
  98  15:15  Hatchery  
  89  15:33  Spore Crawler  
Show
View Real Time Build Order
Export as new Build Order

FoeMower Protoss - Winner!

Build Orders:  

Get SALT Encoding   

  12  0:02  Probe (Chrono Boost)  
  13  0:14  Pylon  
  13  0:18  Probe (Chrono Boost)  
  14  0:29  Probe (Chrono Boost)  
  15  0:39  Probe (Chrono Boost)  
  16  0:45  Forge  
  16  0:50  Probe (Chrono Boost)  
  16  0:53  Pylon  
  17  1:02  Assimilator  
  17  1:07  Assimilator  
  17  1:22  Photon Cannon  
  17  1:25  Photon Cannon  
  17  1:31  Pylon  
  17  2:04  Pylon  
  16  2:18  Gateway  
  16  2:27  Probe (Chrono Boost)  
  17  2:37  Nexus  
  17  2:46  Pylon  
  17  2:52  Probe (Chrono Boost)  
  18  3:01  Photon Cannon  
  18  3:02  Probe (Chrono Boost)  
  18  3:04  Photon Cannon  
  19  3:08  Pylon  
  20  3:13  Probe (Chrono Boost)  
  20  3:17  Pylon  
  20  3:21  Photon Cannon  
  21  3:41  Probe (Chrono Boost)  
  21  3:47  Cybernetics Core  
  21  3:51  Assimilator  
  21  3:55  Assimilator, Probe x2 (Chrono Boost)  
  23  4:03  Assimilator  
  23  4:05  Probe (Chrono Boost)  
  23  4:06  Probe (Chrono Boost)  
  23  4:08  Assimilator  
  25  4:16  Probe x2 (Chrono Boost)  
  27  4:26  Probe (Chrono Boost)  
  27  4:27  Probe (Chrono Boost)  
  29  4:37  Probe (Chrono Boost)  
  29  4:38  Probe (Chrono Boost)  
  31  4:48  Probe x2 (Chrono Boost)  
  31  4:50  Stargate  
  33  4:58  Probe (Chrono Boost)  
  33  4:59  Probe (Chrono Boost)  
  35  5:00  Stargate  
  35  5:09  Probe x2 (Chrono Boost)  
  37  5:20  Mothership Core (Chrono Boost), Probe (Chrono Boost)  
  40  5:30  Probe (Chrono Boost)  
  40  5:35  Void Ray (Chrono Boost)  
  45  5:38  Probe (Chrono Boost)  
  46  5:46  Probe (Chrono Boost)  
  46  5:49  Probe (Chrono Boost)  
  48  5:51  Void Ray (Chrono Boost)  
  48  5:56  Probe  
  53  5:58  Protoss Air Weapons Level 1  
  53  6:00  Probe  
  53  6:02  Protoss Shields Level 1  
  54  6:20  Void Ray (Chrono Boost)  
  58  6:30  Pylon  
  58  6:31  Pylon  
  58  6:37  Cybernetics Core  
  58  6:39  Void Ray (Chrono Boost)  
  62  6:55  Stargate  
  62  7:22  Void Ray (Chrono Boost)  
  70  7:23  Void Ray (Chrono Boost)  
  70  7:30  Nexus  
  70  7:34  Pylon  
  70  7:37  Pylon  
  74  7:59  Void Ray (Chrono Boost)  
  74  8:04  Fleet Beacon  
  74  8:12  Void Ray (Chrono Boost)  
  78  8:18  Probe x2  
  80  8:30  Probe x2  
  82  8:42  Probe x2  
  80  8:54  Probe x2  
  74  9:06  Probe x2  
  72  9:14  Void Ray x2 (Chrono Boost)  
  84  9:20  Void Ray (Chrono Boost)  
  84  9:23  Stargate  
  84  9:27  Pylon  
  84  9:34  Protoss Air Armor Level 1  
  84  9:35  Protoss Air Weapons Level 2  
  84  9:51  Assimilator  
  84  9:56  Assimilator  
  84  10:04  Probe  
  85  10:14  Probe  
  85  10:16  Nexus  
  85  10:19  Assimilator  
  85  10:21  Void Ray x2 (Chrono Boost)  
  94  10:23  Assimilator  
  94  10:25  Probe  
  94  10:26  Forge  
  95  10:33  Pylon  
  95  10:34  Pylon  
  95  10:35  Pylon, Probe  
  95  10:42  Photon Cannon  
  96  10:43  Photon Cannon x2  
  96  10:45  Photon Cannon  
  96  10:46  Probe  
  96  10:47  Photon Cannon  
  96  10:48  Pylon x2  
  97  10:58  Void Ray x2 (Chrono Boost)  
  115  11:04  Void Ray (Chrono Boost)  
  115  11:06  Probe  
  116  11:17  Probe  
  116  11:22  Photon Cannon  
  116  11:24  Photon Cannon  
  117  11:26  Pylon  
  117  11:27  Pylon, Probe x2  
  119  11:36  Void Ray (Chrono Boost)  
  119  11:37  Probe  
  119  11:38  Probe  
  125  11:42  Void Ray (Chrono Boost)  
  129  11:48  Probe x2  
  129  11:53  Void Ray (Chrono Boost)  
  139  11:58  Probe  
  139  11:59  Void Ray (Chrono Boost), Probe  
  141  12:06  Stargate  
  141  12:09  Probe x2  
  141  12:10  Pylon  
  141  12:13  Pylon  
  143  12:17  Pylon  
  143  12:21  Pylon  
  143  12:25  Pylon  
  151  12:44  Void Ray x2 (Chrono Boost)  
  151  12:50  Void Ray x2 (Chrono Boost), Probe x2  
  161  13:00  Probe x2  
  163  13:11  Probe x2  
  168  13:18  Void Ray (Chrono Boost)  
  169  13:21  Probe x2  
  169  13:22  Void Ray x2 (Chrono Boost)  
  169  13:26  Pylon  
  179  13:30  Pylon  
  179  13:33  Void Ray x2 (Chrono Boost)  
  187  13:34  Pylon  
  180  14:01  Void Ray (Chrono Boost)  
  161  14:39  Void Ray (Chrono Boost)  
  161  14:44  Void Ray x2 (Chrono Boost)  
  161  14:45  Void Ray x2 (Chrono Boost)  
  169  15:16  Void Ray (Chrono Boost)  
Tags
 
League
Platinum
Matchup
PvZ
Replay Pack
Pack 1
Spawn Locations
Cross Positions
Add a new tag
Caveats
  • Supply blocks, unpowered buildings, or Contaminate may cause inaccurate times.
  • Supply counts are checked every 10 seconds.